 Dungeon Crawl Stone Soup version 0.29.0-4-gdea44cf6ec (webtiles) character file.

Game seed: 8669931895752445063

372 qw the Chopper (level 6, -3/35 HPs)
             Began as a Tengu Warper on Aug 28, 2022.
             Killed from afar by Ijyb (16 damage)
             ... with a bolt of dispelling energy
             ... on level 4 of the Dungeon.
             The game lasted 00:00:27 (3959 turns).

qw the Chopper (Tengu Warper)                       Turns: 3959, Time: 00:00:27

Health: -3/35      AC:  8    Str: 13 (14) XL:     6   Next: 71%
Magic:  0/10       EV:  3    Int: 13      God:
Gold:   217        SH: 17    Dex: 13      Spells: 9/9 levels left

rFire   + . .      SeeInvis .   j - +0 war axe
rCold   + . .      Faith    .   o - +0 tower shield
rNeg    . . .      Spirit   +   b - +0 chain mail
rPois   .          Reflect  .   (helmet restricted)
rElec   .          Harm     .   c - scarf {rC+ rF+}
rCorr   .          Rampage  .   (no gloves)
Will    +....                   (boots unavailable)
Stlth   ..........              g - amulet of guardian spirit
HPRegen 0.11/turn               n - ring of willpower
MPRegen 0.12/turn               (no ring)

@: flying quickly and evasively, quick
A: beak, talons 3, nimble flight, large bone plates 1, deterioration 1, sense
surroundings 1
a: no special abilities


You were on level 4 of the Dungeon.
You visited 1 branch of the dungeon, and saw 4 of its levels.

You collected 217 gold pieces.


Innate Abilities, Weirdness & Mutations

You have a beak for a mouth.
You have claws for feet.
Your magical nature lets you fly swiftly and evasively.
You are partially covered in large bone plates. (SH +4)
Your body sometimes deteriorates upon taking damage.
You passively map a small area around you.


   Skills:
 - Level 2.0 Fighting
 - Level 5.7 Axes
 - Level 1.0 Throwing
 - Level 1.1 Armour
 - Level 2.1 Dodging
 + Level 4.3 Shields
 - Level 2.0 Spellcasting
 - Level 2.4 Translocations


You had 9 spell levels left.
You didn't know any spells.
Your spell library contained the following spells:

 Spells                   Type           Power      Damage    Failure   Level
 Blink                    Tloc           14%        N/A       100%        2
 Gell's Gravitas          Tloc           7%         N/A       100%        3
 Lesser Beckoning         Tloc           7%         N/A       100%        3
 Teleport Other           Tloc           7%         N/A       100%        3
 Manifold Assault         Tloc           7%         N/A       100%        5

Inventory:

Hand Weapons
 j - a +0 war axe (weapon)
 Y - a +2 hand axe of flaming
Armour
 b - a +0 chain mail (worn)
 c - a scarf of resistance (worn)
 o - a +0 tower shield (worn)
Jewellery
 g - an amulet of guardian spirit (around neck)
 h - an amulet of the acrobat
 n - a ring of willpower (left hand)
Scrolls
 d - 2 scrolls of identify
 l - 2 scrolls of teleportation
Potions
 a - a potion of mutation
 e - a potion of degeneration {unknown}
 f - a potion of lignification {unknown}
 i - 2 potions of might
 k - a potion of heal wounds {unknown}
 m - a potion of invisibility {unknown}
 q - a potion of magic {unknown}
 r - a potion of attraction {unknown}

Dungeon Overview and Level Annotations

Branches:
Dungeon (4/15)
 Temple: D:4-7

Altars:

Annotations:
D:4 Ijyb, Pikel


Message History

Ijyb the Twisted Goblin comes into view.
She is wielding a +0 dagger and carrying a wand of quicksilver (6).
Ijyb shouts!
You hit the lemure but do no damage. You block the lemure's attack.
You hit the lemure. Your kick misses the lemure. Your peck misses the lemure.
The lemure is lightly wounded.
The lemure hits you but does no damage. You block the lemure's attack.
You closely miss the lemure. Your peck misses the lemure.
The lemure is lightly wounded.
The lemure hits you. You block the lemure's attack.
You slash the lemure!
The lemure is moderately wounded.
You closely miss the lemure. Ijyb screams, "I dance on your bones!"
The lemure hits you. The lemure barely misses you.
You hit the lemure. Your kick misses the lemure. Your peck misses the lemure.
The lemure is moderately wounded.
You barely miss the lemure. You hit the lemure. You block the lemure's attack.
The lemure hits you. You block the lemure's attack.
The lemure hits you but does no damage. x3
You slash the lemure! Your kick misses the lemure. Your peck misses the lemure.
The lemure is heavily wounded.
You closely miss the lemure. You hit Ijyb. You hit the lemure.
The lemure hits you.
Ijyb zaps a wand.
The bolt of dispelling energy hits you but does no damage.
The lemure hits you. You block the lemure's attack.
You barely miss the lemure. Your kick misses the lemure.
Your peck misses the lemure.
The lemure is heavily wounded.
You closely miss the lemure. You hit the lemure. You closely miss Ijyb.
The lemure hits you. You block Ijyb's attack. You block the lemure's attack.
The lemure hits you but does no damage. You block the lemure's attack.
Ijyb hits you with a +0 dagger. You block the lemure's attack.
The lemure hits you.
You hit the lemure.
The lemure is severely wounded.
You hit the lemure. You slash Ijyb! You slash the lemure!
The lemure barely misses you.
Ijyb zaps a wand.
The bolt of dispelling energy hits you!!
You die...

#....# #.# , #.#### #)# *,
** #.# #.# #)## ##.#######
,, ...## #........# * *
.>..## #..#####.# * *
.....## #........# ,# .
).....####....##5g##.#...K
*
......+.........@5.)......
......####....##.5##......
.....## #....##..# ,.....,
....## #........# ##.# *
..%## ####.##### * # #'##
#.# * * #.####### #.# *,
........# #.# * ,*
..#####.# #.# ** _


You could see 3 lemures and Ijyb.

Vanquished Creatures
  An ice beast (D:3)
  An iguana (D:4)
  Natasha (D:4)
  An orc wizard (D:3)
  2 gnolls (D:4)
  8 adders
  5 worms (D:2)
  4 dart slugs
  6 orcs (D:3)
  7 ball pythons
  7 endoplasms
  3 giant cockroaches
  13 goblins
  7 hobgoblins
  7 kobolds
  2 quokkas
  4 bats
  6 frilled lizards
  5 rats
90 creatures vanquished.

Vanquished Creatures (others)
  A plant (D:4)
1 creature vanquished.

Grand Total: 91 creatures vanquished

Notes
Turn   | Place    | Note
-------+----------+-------------------------------------------
     0 | D:1      | qw the Tengu Warper began the quest for the Orb.
     0 | D:1      | Reached XP level 1. HP: 12/12 MP: 4/4
     0 | D:1      | 0 ||| qw: Version: 0.1-a-89-g26bdef1
     0 | D:1      | 0 ||| qw: Game counter: 174
     0 | D:1      | 0 ||| qw: Always use a shield: true
     0 | D:1      | 0 ||| qw: God list: Okawaru
     0 | D:1      | 0 ||| qw: Allow faded altars: false
     0 | D:1      | 0 ||| qw: Do Orc after D:15 true
     0 | D:1      | 0 ||| qw: Do second Lair branch before Depths: true
     0 | D:1      | 0 ||| qw: Lair rune preference: random
     0 | D:1      | 0 ||| qw: Plans: Normal
     0 | D:1      | 0 ||| PLANNING D:1-11
   259 | D:1      | Reached skill level 3 in Axes
   259 | D:1      | Reached XP level 2. HP: 14/17 MP: 6/6
   344 | D:1      | 344 ||| Stepping ~*~*~tactically~*~*~ (hiding).
   410 | D:1      | 410 ||| Stepping ~*~*~tactically~*~*~ (stealth).
   919 | D:1      | Reached XP level 3. HP: 16/21 MP: 7/7
  1004 | D:1      | Found a faded altar of an unknown god.
  1204 | D:1      | 1204 ||| UPGRADING to amulet of guardian spirit.
  1209 | D:1      | 1209 ||| READING 2 scrolls labelled QESIN NOCVILO.
  1210 | D:1      | 1210 ||| READING scroll of enchant weapon.
  1210 | D:1      | 1210 ||| ENCHANTING +1 hand axe.
  1211 | D:1      | 1211 ||| READING scroll labelled FIYCLE FYOCAWARR.
  1212 | D:1      | 1212 ||| READING scroll labelled RAAD DESYDAT.
  1213 | D:1      | 1213 ||| DROPPING scroll of blinking.
  1263 | D:2      | 1263 ||| Stepping ~*~*~tactically~*~*~ (hiding).
  1270 | D:2      | Reached skill level 4 in Axes
  1716 | D:2      | Reached XP level 4. HP: 17/26 MP: 3/8
  1876 | D:2      | 1876 ||| Stepping ~*~*~tactically~*~*~ (stealth).
  1889 | D:2      | Reached skill level 5 in Axes
  1889 | D:2      | 1889 ||| Stepping ~*~*~tactically~*~*~ (stealth).
  1893 | D:2      | 1893 ||| Stepping ~*~*~tactically~*~*~ (stealth).
  2517 | D:2      | 2517 ||| Stepping ~*~*~tactically~*~*~ (stealth).
  2523 | D:2      | Gained mutation: Your magical nature lets you fly swiftly
                  | and evasively. [Tengu growth]
  2523 | D:2      | Reached XP level 5. HP: 21/30 MP: 6/9
  2767 | D:2      | 2767 ||| UPGRADING to scarf of resistance.
  2772 | D:2      | 2772 ||| UPGRADING to +0 tower shield.
  2777 | D:2      | 2777 ||| UPGRADING to +0 ring mail.
  2787 | D:2      | 2787 ||| DROPPING +0 leather armour.
  2788 | D:2      | 2788 ||| UPGRADING to ring of willpower.
  2789 | D:2      | 2789 ||| READING scroll labelled VUTUWY HAOL.
  2790 | D:2      | 2790 ||| READING scroll labelled AKOEFU HIAMM.
  2791 | D:2      | 2791 ||| DROPPING +0 whip.
  2792 | D:2      | 2792 ||| READING 2 scrolls labelled WOWOCH ZEKKE.
  2796 | D:2      | 2796 ||| READING scroll labelled VOL ELIORCHOICRON.
  2905 | D:2      | 2905 ||| DRINKING 2 bubbling ruby potions.
  2905 | D:2      | Gained mutation: You are partially covered in large bone
                  | plates. (SH +4) [potion of mutation]
  2905 | D:2      | Gained mutation: Your body sometimes deteriorates upon
                  | taking damage. [potion of mutation]
  2905 | D:2      | Gained mutation: You passively map a small area around you.
                  | [potion of mutation]
  2906 | D:2      | 2906 ||| DRINKING 3 coppery potions.
  2935 | D:3      | 2935 ||| STAIRDANCE
  3046 | D:3      | 3046 ||| Stepping ~*~*~tactically~*~*~ (hiding).
  3184 | D:3      | Reached skill level 1 in Shields
  3185 | D:3      | 3185 ||| Stepping ~*~*~tactically~*~*~ (stealth).
  3190 | D:3      | 3190 ||| Stepping ~*~*~tactically~*~*~ (hiding).
  3357 | D:3      | Noticed an ice beast
  3366 | D:3      | Killed an ice beast
  3367 | D:3      | Reached skill level 3 in Shields
  3367 | D:3      | Reached XP level 6. HP: 28/35 MP: 8/10
  3421 | D:3      | 3421 ||| Stepping ~*~*~tactically~*~*~ (stealth).
  3422 | D:3      | 3422 ||| Stepping ~*~*~tactically~*~*~ (stealth).
  3561 | D:3      | 3561 ||| SWAPPING to +0 war axe.
  3684 | D:3      | 3684 ||| UPGRADING to +0 chain mail.
  3694 | D:3      | 3694 ||| DROPPING +0 ring mail.
  3727 | D:4      | Noticed Natasha
  3730 | D:4      | Killed Natasha
  3821 | D:4      | Identified the +5 great mace "Guischoyx" {freeze, rC+ Int+2
                  | Dex-2}
  3876 | D:4      | 3876 ||| Stepping ~*~*~tactically~*~*~ (stealth).
  3899 | D:4      | Noticed Pikel
  3900 | D:4      | 3900 ||| FLEEEEING.
  3951 | D:4      | Noticed Ijyb
  3959 | D:4      | Killed from afar by Ijyb

Levels and vault maps discovered:
D:1:      lemuel_arrival_rhombus, layout_loops_ring,
          shapermc_ecumenical_altar_mp_urbaneastern,
          hangedman_decor_peaks_small, chequers_mini_garden
D:2:      layout_rooms, chequers_arboretum, st_stairs_2, minmay_joined_circles
D:3:      layout_rooms, chequers_serial_rivers_room_b
D:4:      layout_loops_corners, mainiacjoe_overflow_alcove_3, uniq_pikel,
          uniq_natasha, uniq_ijyb, uniq_grinder

Skill      XL: |  1  2  3  4  5  6 |
---------------+-------------------+-----
Axes           | 3 4 5 |  5.7
Shields        | 3 4 |  4.3
Fighting       | |  2.0
Throwing       | |  1.0
Armour         | |  1.1
Dodging        | |  2.1
Spellcasting   | |  2.0
Translocations | |  2.4

Action                   |  1- 3 |  4- 6 || total
-------------------------+-------+-------++-------
Melee: Hand axe          |    86 |   107 ||   193
       Kick              |    25 |    28 ||    53
       Peck              |     8 |    15 ||    23
       Punch             |       |     1 ||     1
       War axe           |       |    33 ||    33
Throw: Boomerang         |     7 |     3 ||    10
  Use: Scroll            |     4 |     4 ||     8
       Potion            |       |     2 ||     2
Armor: Leather armour    |    14 |     8 ||    22
       Ring mail         |       |     9 ||     9
       Chain mail        |       |     8 ||     8
Dodge: Dodged            |    45 |    31 ||    76
Block: Tower shield      |       |    60 ||    60

Table legend:
 A = Non-vault XP
 B = Vault XP
 C = Vault XP percentage of total XP
 D = Non-vault monster count
 E = Vault monster count
 F = Vault count percentage of total count
                 A         B        C        D         E       F
            +---------+---------+-------+---------+---------+-------
      Total |     434 |      98 |  18.4 |      75 |      15 |  16.7
            +---------+---------+-------+---------+---------+-------
        D:1 |      40 |       0 |   0.0 |      21 |       0 |   0.0
        D:2 |      90 |      63 |  41.2 |      25 |      14 |  35.9
        D:3 |     234 |       0 |   0.0 |      23 |       0 |   0.0
        D:4 |      70 |      35 |  33.3 |       6 |       1 |  14.3
            +---------+---------+-------+---------+---------+-------
